 Dungeon Crawl Stone Soup version 0.20-a0-1050-g57248f3 (webtiles) character file.

224 Murumi the Sneak (level 5, -2/41 HPs)
             Began as a Vampire Enchanter on Apr 25, 2017.
             Was an Initiate of Dithmenos.
             Slain by a mummy (4 damage)
             ... in an ossuary.
             The game lasted 00:12:19 (3465 turns).

Murumi the Sneak (Vampire Enchanter)                Turns: 3465, Time: 00:12:20

Health: -2/41      AC:  3    Str:  7    XL:     5   Next: 67%
Magic:  8/8        EV: 13    Int: 23    God:    Dithmenos [......]
Gold:   139        SH:  0    Dex: 15    Spells: 3/8 levels left

rFire    + . .     SeeInvis +   a - +2 dagger
rCold    + + .     Gourm    .   (no shield)
rNeg     + + .     Faith    .   b - +0 robe
rPois    +         Spirit   .   (no helmet)
rElec    +         Reflect  .   q - +0 cloak (curse)
rCorr    +         Harm     .   (no gloves)
MR       .....                  (no boots)
Stlth    +++++.....             h - amulet of regeneration
Regen    0.3/turn               l - +1 ring of slaying
MPRegen  0.2/turn               (no ring)

@: brilliant, resistant, flying, regenerating slowly, hasted, very quick
A: fangs 3, see invisible, blink, poison resistance, unbreathing
a: Bat Form, Blink, Renounce Religion


You were in an ossuary.
You worshipped Dithmenos.
Dithmenos was noncommittal.
You were thirsty.

You visited 2 branches of the dungeon, and saw 5 of its levels.
You also visited: Ossuary.

You collected 139 gold pieces.

Inventory:

Hand Weapons
 a - a +2 dagger (weapon)
Armour
 b - a +0 robe (worn)
 q - a cursed +0 cloak (worn)
Jewellery
 h - an amulet of regeneration (around neck)
 l - a +1 ring of slaying (left hand)
Scrolls
 f - a scroll of fog
 m - a scroll of amnesia
 n - 2 scrolls of teleportation
 o - a scroll of enchant weapon
Potions
 d - 12 potions of blood
 g - 2 potions of curing
 j - a potion of magic
Books
 c - a book of Maledictions

   Spells                             Type                      Level
   a - Corona                         Hexes                        1
   b - Ensorcelled Hibernation        Hexes/Ice                    2
   c - Confuse                        Hexes                        3
   d - Tukima's Dance                 Hexes                        3
   e - Dazzling Spray                 Conjuration/Hexes            3


   Skills:
 - Level 3.2 Fighting
 + Level 2.6 Short Blades
 - Level 2.1 Dodging
 - Level 7.0 Stealth
 - Level 2.0 Spellcasting
 - Level 4.4 Hexes


You had 3 spell levels left.
You knew the following spells:

 Your Spells              Type           Power        Failure   Level  Hunger
b - Ensorcelled Hibernat  Hex/Ice        ####..       1%          2    ##.....
c - Confuse               Hex            #####...     1%          3    ###....


Dungeon Overview and Level Annotations

Branches:
Dungeon (4/15)             Temple (1/1) D:4

Altars:
Dithmenos
Elyvilon
Fedhas
Hepliaklqana
Kikubaaqudgha
Makhleb
Qazlal
Ru
Sif Muna
Trog
Uskayaw
Vehumet
Wu Jian
Xom
Zin


Innate Abilities, Weirdness & Mutations

You heal slowly.
You have razor-sharp teeth.
You have supernaturally acute eyesight. (SInv)
You can survive without breathing.
You can translocate small distances at will.
Your system is resistant to poisons. (rPois)


Message History

It was a potion of flight.
You feel very buoyant.
You fly up into the air.
The mummy hits you!
* * * LOW HITPOINT WARNING * * *
The hobgoblin zombie barely misses you.
It was a potion of resistance.
You feel protected. The mummy completely misses you.
The kobold zombie misses you. The mummy hits you!
* * * LOW HITPOINT WARNING * * *
It was a potion of brilliance.
You feel clever all of a sudden.
The hobgoblin zombie hits you but does no damage.
The mummy misses you.
As you read the scroll of fear, it crumbles to dust.
You assume a fearsome visage.
The mummy is unaffected. x2
The hobgoblin zombie is unaffected.
The mummy is unaffected.
The kobold zombie is unaffected.
The kobold zombie closely misses you. The mummy hits you.
You die...

.# .. #### .M..#
.... ##..## .....
....##....##.....
.......MM........
......Z@M.......#
#.......Z......#
#+##........##+#
##......##
##....## #....#
#....# #....#
#....#


You could see 3 mummies, a hobgoblin zombie and a kobold zombie.

Vanquished Creatures
  A bullfrog (D:3)
  Crazy Yiuf (D:3)
  A mummy (Ossuary)
  4 adders
  2 worms (D:2)
  A dart slug (D:1)
  A leopard gecko (D:3)
  5 orcs
  2 bats
  2 giant cockroaches
  3 gnoll zombies (Ossuary)
  4 goblins
  10 hobgoblins
  3 jackals (D:3)
  2 quokkas
  2 frilled lizards (D:2)
  9 kobolds
  2 kobold zombies (Ossuary)
  3 orc skeletons (D:4)
  2 orc zombies
  6 rats
66 creatures vanquished.

Notes
Turn   | Place    | Note
-------+----------+-------------------------------------------
     0 | D:1      | Murumi the Vampire Enchanter began the quest for the Orb.
     0 | D:1      | Reached XP level 1. HP: 13/13 MP: 3/3
    79 | D:1      | Reached skill level 5 in Stealth
   386 | D:1      | Reached XP level 2. HP: 19/19 MP: 5/5
   390 | D:1      | Learned a level 2 spell: Ensorcelled Hibernation
  1010 | D:2      | Reached skill level 6 in Stealth
  1270 | D:2      | Reached skill level 1 in Fighting
  1270 | D:2      | Reached XP level 3. HP: 23/26 MP: 1/6
  1284 | D:2      | Learned a level 3 spell: Confuse
  1685 | D:3      | Found a bloodstained altar of Trog.
  1946 | D:3      | Noticed a bullfrog
  1950 | D:3      | Killed a bullfrog
  1950 | D:3      | Reached XP level 4. HP: 35/35 MP: 7/7
  2024 | D:3      | Found a runed door.
  2028 | D:3      | Noticed Crazy Yiuf
  2032 | D:3      | Killed Crazy Yiuf
  2032 | D:3      | Reached XP level 5. HP: 41/41 MP: 8/8
  2157 | D:3      | Reached skill level 7 in Stealth
  2790 | D:4      | Found a staircase to the Ecumenical Temple.
  2805 | Temple   | Entered the Ecumenical Temple
  2835 | Temple   | Became a worshipper of Dithmenos the Shadowed
  3235 | D:4      | Found a sand-covered staircase.
  3243 | Ossuary  | Entered an ossuary
  3461 | Ossuary  | Gained mutation: You can translocate small distances at will. [potion of mutation]
  3461 | Ossuary  | Gained mutation: Your system is resistant to poisons. (rPois) [potion of mutation]
  3463 | Ossuary  | HP: 1/41 [mummy (11)]
  3465 | Ossuary  | Slain by a mummy

Vault maps used:
D:1:      roderic_chinese_lattice_arrival
D:3:      bloody_trog, first_bread, serial_bayou_pond_d, uniq_crazy_yiuf_cottage
D:4:      lemuel_zombie_altar_yredelemnul, minmay_temple_entry_statues,
          nicolae_ossuary_entry_catacombs, lemuel_statue_altar
Temple:   minmay_temple_curvy_branch
Ossuary:  ossuary_tomb_3

Skill      XL: |  1  2  3  4  5 |
---------------+----------------+-----
Stealth        | 5 6 7 |  7.0
Fighting       | 1 3 |  3.2
Short Blades   | 2 |  2.6
Dodging        | |  2.1
Spellcasting   | |  2.0
Hexes          | |  4.4

Action                   |  1- 3 |  4- 6 || total
-------------------------+-------+-------++-------
Melee: Dagger            |    87 |   104 ||   191
       Bite              |     6 |     8 ||    14
 Cast: Ensorcelled Hiber |     2 |     6 ||     8
       Confuse           |       |     3 ||     3
  Use: Scroll            |     4 |     9 ||    13
       Potion            |       |    10 ||    10
 Stab: Sleeping          |    18 |    11 ||    29
       Distracted        |     1 |     1 ||     2
       Confused          |       |     1 ||     1
Armor: Robe              |    14 |    12 ||    26
Dodge: Dodged            |    26 |    56 ||    82
